ElectroGuy, chaotic female orcish Wizard --------------- |.............| ----- |..............##########------- -------- |.[[| |.............| ##-.....| |......| |+..| |...<..........#### ##|.....| -.)..).| --|-- |.............| ####|.....| # |_.....| ## -----|--------- # #|.....|#########[...{...| # # ### #|......# # |......-# ### # # #-------# # --------# # # ### ######### # # ### # # ### # # # # ### # # # # S # # # ####### # # @W# # ---.---------# #--|-|-# # # |............# #.....|# ### # |....>......| |....|# # -.---------- |...........| |.....# ##-..........| |...........| ------ |..........| ------------- ------------ ElectroGuy the Conjurer Experience level: 5 Strength: 15 Dexterity: 12 Constitution: 17 Intelligence: 16 Wisdom: 12 Charisma: 11 Health: 0(36) Energy: 18(37) Def: 7 Gold: 465 Moves: 4521 Dungeon seed: nmyZoJMRH8ayiNMT Game ID: ElectroGuy_1577636619 Your Inventory: Coins $ - 465 gold pieces Weapons a - a blessed +1 quarterstaff (alternate weapon; not wielded) z - a cursed +0 orcish dagger A - a cursed +1 quarterstaff G - 14 +0 darts (in quiver) H - a +0 dagger (weapon in hand) Armor e - an uncursed +0 cloak of magic resistance (being worn) B - a cursed +0 cloak of magic resistance K - a cursed +0 elven mithril-coat N - an uncursed +0 studded leather armor (being worn) R - a cursed +0 orcish helm Y - a blessed +1 pair of high boots (being worn) Comestibles F - an uncursed tripe ration T - 2 cursed candy bars U - a cursed tripe ration Scrolls i - 2 blessed scrolls of enchant weapon j - 2 uncursed scrolls of remove curse k - an uncursed scroll of destroy armor w - an uncursed scroll of light x - a cursed scroll of magic mapping D - an uncursed scroll of genocide I - a cursed scroll of enchant weapon L - a cursed scroll of enchant armor M - a cursed scroll of genocide Spellbooks l - a blessed spellbook of force bolt m - an uncursed spellbook of knock p - an uncursed spellbook of levitation t - an uncursed spellbook of detect food C - an uncursed spellbook of light S - a cursed spellbook of force bolt Potions f - an uncursed potion of gain ability g - an uncursed potion of confusion h - an uncursed potion of gain energy v - a cursed potion of blindness Rings c - an uncursed ring of shock resistance d - an uncursed ring of searching (on right hand) E - an uncursed ring of slow digestion (on left hand) J - a cursed ring of levitation O - a cursed ring of sustain ability P - a cursed ring of shock resistance Wands b - a wand of magic missile (0:4) s - a wand of striking (0:5) Q - a cursed wand of probing (0:7) Z - a cursed wand of make invisible (0:6) Tools n - a magic marker (0:61) o - an uncursed blindfold V - a cursed blindfold W - a cursed bell Gems q - an uncursed chrysoberyl stone r - an uncursed worthless piece of red glass y - 3 uncursed worthless pieces of yellow glass X - a cursed jasper stone Spells and supernatural/magical abilities: Name Level Category Fail Memory a - force bolt 1 attack 0% 78% k - knock 1 matter 0% 78% l - light 1 divination 0% 87% W - pray for help -- divine ? -- Your skills at the end: Fighting Skills Weapon Skills quarterstaff [Basic] Spellcasting Skills attack spells [Basic] enchantment spells [Basic] Final Attributes: You were piously aligned. You were poison resistant. You were magic-protected. You had automatic searching. You had infravision. You had slower digestion. You are dead. Vanquished creatures: a dingo an imp a rock piercer a rock mole 3 shriekers a gnome lord a giant ant 2 floating eyes 2 dwarves a kobold lord 4 rothes 2 monkeys 2 orc zombies a werejackal 4 acid blobs a coyote a hobbit 2 large kobolds 4 giant rats a cave spider a red mold 9 garter snakes 3 geckos 8 jackals a fox 3 kobolds a goblin 3 sewer rats 5 grid bugs 3 lichens 2 kobold zombies 4 newts 79 creatures vanquished. Voluntary challenges: You used a wielded weapon 30 times, starting on turn 309. You read items or engraved 21 times, starting on turn 77. You never genocided any monsters. You never polymorphed an object. You never changed form. You used no wishes. You never split a pudding. You wrote Elbereth's name 6 times, starting on turn 1539. You violated your moral code, losing 27 points of alignment, starting on turn 672. Dungeon overview: The Dungeons of Doom: levels 1 to 6 Level 1 a fountain a long staircase Level 2 a sink Level 3 an armor shop, a fountain Level 4 a long staircase Level 5 Level 6 <- You were here an armor shop, an altar to Thoth, a fountain History has recorded: On T:1 you entered the Dungeons of Doom to retrieve the Amulet of Yendor! On T:402 you reached level 2 of The Dungeons of Doom. On T:834 you advanced to experience level 2. On T:935 you reached level 3 of The Dungeons of Doom. On T:1431 you advanced to experience level 3. On T:1712 you reached level 4 of The Dungeons of Doom. On T:1796 you advanced to experience level 4. On T:2333 you reached level 5 of The Dungeons of Doom. On T:3120 you advanced to experience level 5. On T:3282 you reached level 6 of The Dungeons of Doom. Score breakdown: Gold: 465 ( 9076 points) Experience: 5 levels (11141 points) Exploration: 6 levels ( 12.50%) ( 9784 points) Discoveries: 9 items ( 3.26%) ( 5417 points) Valuables value: (no points given unless you survive) Artifact value: 0 ( 0 points) Variety of kills: 32 monsters ( 8.40%) ( 8694 points) Turncount: 4521 turns (-1205 points) Survival: died (score multiplied by 80%) Total score: 34325 Latest messages: You hear some noises. You miss Zazza's ghost. Zazza's ghost touches you! You miss Zazza's ghost. The garter snake bites! You miss Zazza's ghost. The garter snake bites! You miss Zazza's ghost. The garter snake just misses! Zazza's ghost touches you! You miss Zazza's ghost. The garter snake bites! You miss Zazza's ghost. The garter snake bites! You miss Zazza's ghost. The garter snake bites! Zazza's ghost touches you! You miss Zazza's ghost. (2x) The garter snake just misses! You hear some noises. The garter snake bites! You die... Final status: Goodbye ElectroGuy the Wizard, killed by a garter snake... You died in The Dungeons of Doom on dungeon level 6 with 34325 points, and 465 pieces of gold, after 4521 moves. You were level 5 with a maximum of 36 hit points when you died.